 Dungeon Crawl Stone Soup version 0.27-a0-366-g8badd94918 (webtiles) character file.

Game seed: 2681918390048042138

11 jivemasta the Charlatan (level 2, -6/21 HPs)
             Began as a Human Artificer on Feb 16, 2021.
             Mangled by a gnoll
             ... wielding a +0 halberd of protection
              (14 damage)
             ... on level 1 of the Dungeon.
             The game lasted 00:03:37 (300 turns).

jivemasta the Charlatan (Human Artificer)            Turns: 300, Time: 00:03:38

Health: -6/21      AC:  3    Str: 12    XL:     2   Next: 35%
Magic:  2/2        EV: 11    Int: 11    God:
Gold:   0          SH:  0    Dex: 13    Spells: 1/1 levels left

rFire    . . .     SeeInvis .   f - +0 dagger
rCold    . . .     Faith    .   (no shield)
rNeg     . . .     Spirit   .   b - +0 leather armour
rPois    .         Reflect  .   (no helmet)
rElec    .         Harm     .   (no cloak)
rCorr    .         Rampage  .   (no gloves)
Will     .....                  (no boots)
Stlth    +.........             (no amulet)
HPRegen  0.07/turn              (no ring)
MPRegen  0.08/turn              (no ring)

@: no status effects
A: no striking features
a: no special abilities


You were on level 1 of the Dungeon.
You visited 1 branch of the dungeon, and saw 1 of its levels.

Inventory:

Hand Weapons
 a - a +0 club
 f - a +0 dagger (weapon)
Missiles
 h - 22 bolts
Armour
 b - a +0 leather armour (worn)
Wands
 c - a wand of flame (13) (quivered)
 d - a wand of charming (15)
 e - a wand of random effects (15)
Scrolls
 g - a scroll of immolation {unknown}


   Skills:
 + Level 1.1 Fighting
 + Level 2.1 Armour
 + Level 1.0 Dodging
 + Level 1.0 Stealth
 + Level 3.5 Evocations


You had one spell level left.
You didn't know any spells.
Your spell library was empty.

Dungeon Overview and Level Annotations

Branches:
Dungeon (1/15)

Altars:


Message History

The dart slug is almost dead.
You hit the dart slug but do no damage.
The dart slug is almost dead.
The dart slug bites you.
* * * LOW HITPOINT WARNING * * *
You hit the dart slug but do no damage.
The dart slug is almost dead.
The dart slug bites you.
* * * LOW HITPOINT WARNING * * *
You hit the dart slug.
You kill the dart slug!
You see here a dart slug corpse.
Hit: f) +0 dagger
Press: ? - help, Dir - move target, f - you
Okay, then.
You see here 22 bolts.
You see here 22 bolts.
h - 22 bolts A rat comes into view.
A gnoll comes into view.
It is wielding a +0 halberd of protection.
The rat closely misses you.
You hit the rat.
You kill the rat!
The gnoll shouts!
You hear a shout!
A goblin comes into view.
The goblin shouts!
The goblin moves out of view.
Aiming: Throw Flame
Press: ? - help, Shift-Dir - straight line, f - gnoll
Aim: a gnoll, wielding a +0 halberd of protection (25% to evade)
The puff of flame hits the gnoll!
The gnoll is heavily wounded.
The gnoll hits you but does no damage. The gnoll barely misses you.
You barely miss the gnoll.
The gnoll is heavily wounded.
The goblin closely misses you.
The gnoll hits you with a +0 halberd of protection!
Ouch! That really hurt!
You die...

#.# .##### #.# # ####
#.# #.##### #...
#.######...(.. #...
#.##.........# #...
#.........##.# #...
####.#######.#
#...#######..........
#..g@................
#..g################.
#... #. #... ## #...
# #... # ##+#


You could see a gnoll and a goblin.

Vanquished Creatures
  A dart slug (D:1)
  A bat (D:1)
  2 goblins (D:1)
  2 jackals (D:1)
  2 rats (D:1)
8 creatures vanquished.

Notes
Turn   | Place    | Note
-------+----------+-------------------------------------------
     0 | D:1      | jivemasta the Human Artificer began the quest for the Orb.
     0 | D:1      | Reached XP level 1. HP: 15/15 MP: 1/1
   206 | D:1      | Reached XP level 2. HP: 11/21 MP: 2/2
   300 | D:1      | Mangled by a gnoll

Illustrated notes

Levels and vault maps discovered:
D:1:      wander_arrival_estate, layout_basic, st_stairs_5

Action                   || total
-------------------------++-------
Melee: Dagger            ||    34
       Club              ||     4
Evoke: Wand              ||     2
 Stab: Sleeping          ||     1
Armor: Leather armour    ||     8
Dodge: Dodged            ||    36

Table legend: (Time is in decaauts)
 A = Elapsed time spent in this place.
 B = Non-inter-level travel time spent in this place.
 C = Inter-level travel time spent in this place.
 D = Time resting spent in this place.
 E = Time spent auto-exploring this place.
 F = Levels seen in this place.
 G = Mean time per level.
                   A        B        C        D        E       F      G
               +--------+--------+--------+--------+--------+-----+--------+
         Total |    300 |    300 |      0 |      0 |      0 |   1 |  300.0 |
       Dungeon |    300 |    300 |      0 |      0 |      0 |   1 |  300.0 |
               +--------+--------+--------+--------+--------+-----+--------+

Top non-repeatable levels by time:
     D:1: 300 daAuts
